[Event "ICC tourney 3197 (30 10)"]
[Site "Internet Chess Club"]
[Date "2023.05.20"]
[Round "5"]
[White "ZHANG, ARI:brass60Six"]
[Black "HAO, RYAN:Ryan334"]
[Result "1/2-1/2"]
[ICCResult "Game drawn by repetition"]
[WhiteElo "1299"]
[BlackElo "1571"]
[Opening "QGD: Charousek (Petrosian) variation"]
[ECO "D31"]
[NIC "QP.08"]
[Time "20:00:56"]
[PlyCount "160"]
[TimeControl "1800+10"]

1. d4 d5 2. c4 e6 3. Nc3 Be7 4. Nf3 Nf6 5. e3 O-O 6. Bd3 b6 7. O-O Bb7 8.
Re1 Nbd7 9. cxd5 exd5 10. Bd2 c5 11. dxc5 Nxc5 12. Be2 Qc7 13. Nd4 Ne6 14.
Ncb5 Qd7 15. Rc1 Rfc8 16. Bg4 Rxc1 17. Bxc1 Nxg4 18. Qxg4 Bd6 19. Nxe6 fxe6
20. Nxd6 Qxd6 21. Bd2 Rc8 22. Bc3 Qe7 23. h3 e5 24. Qg3 Re8 25. a3 Ba6 26.
Bb4 Qc7 27. Bc3 Bc4 28. Rc1 a5 29. Bd2 Qd7 30. Bc3 Qe7 31. Rd1 Bb3 32. Rc1
Bc4 33. e4 dxe4 34. Bxa5 bxa5 35. Rxc4 Qb7 36. b4 axb4 37. Rxb4 Qc6 38. Qe3
Ra8 39. Qxe4 Qxe4 40. Rxe4 Rxa3 41. Rxe5 Kf7 42. Re3 Ra4 43. Kh2 Kf6 44. Kg3
h5 45. Kh2 Ra2 46. Kg3 Kf5 47. Re7 g5 48. f3 h4+ 49. Kh2 Kf6 50. Re4 Kf5 51.
Rg4 Re2 52. Kg1 Re3 53. f4 Re4 54. Rxg5+ Kxf4 55. Rg4+ Kf5 56. Rxe4 Kxe4 57.
Kf1 Kf5 58. Ke1 Ke5 59. Kf1 Kf5 60. Kg1 Kg5 61. Kf2 Kf4 62. Kf1 Kf5 63. Ke2
Ke4 64. Kf2 Kf4 65. Kf1 Kf5 66. Kg1 Kg5 67. Kf1 Kf5 68. Kg1 Kg5 69. Kh2 Kf4
70. Kh1 Kf5 71. Kh2 Kf4 72. Kh1 Kf5 73. Kg1 Kg5 74. Kh2 Kf4 75. Kh1 Kf5 76.
Kg1 Kg5 77. Kh2 Kf4 78. Kh1 Kf5 79. Kg1 Kg5 80. Kh2 Kf4
{Game drawn by repetition}
1/2-1/2

[Event "ICC tourney 3197 (30 10)"]
[Site "Internet Chess Club"]
[Date "2023.05.20"]
[Round "5"]
[White "Li, Marissa:meichen"]
[Black "Chiappetta, Graydon:loopy"]
[Result "1/2-1/2"]
[ICCResult "Game drawn because neither player has mating material"]
[WhiteElo "904"]
[BlackElo "902"]
[Opening "Scotch gambit: Benima defense"]
[ECO "C50"]
[NIC "IG.03"]
[Time "20:00:22"]
[PlyCount "152"]
[TimeControl "1800+10"]

1. e4 e5 2. Nf3 Nc6 3. Bc4 Be7 4. d4 exd4 5. Nxd4 Nf6 6. Nxc6 bxc6 7. Nc3
O-O 8. O-O d6 9. Re1 a5 10. Bf4 Rb8 11. Rb1 Rb4 12. b3 Rb6 13. h3 Bd7 14.
Qf3 Re8 15. a3 g6 16. Bg5 Be6 17. Bxf6 Bxf6 18. Qd3 Bg7 19. Re3 Be5 20. b4
Qg5 21. Rb3 axb4 22. axb4 c5 23. bxc5 dxc5 24. Bxe6 Rexe6 25. Rxb6 cxb6 26.
Nb5 Bf4 27. Rf3 Qe5 28. g3 Bh6 29. Qd7 Re7 30. Qd8+ Kg7 31. Qxb6 Re6 32. Qa7
Re7 33. Qb6 c4 34. c3 Bd2 35. Qd4 Qxd4 36. Nxd4 Rxe4 37. h4 Re1+ 38. Kg2 Rc1
39. Nb5 Ra1 40. g4 Ra5 41. Nd4 h6 42. Kg3 Ra1 43. Kg2 Ra3 44. Nb5 Ra2 45.
Nd6 f6 46. Nxc4 Bc1 47. Rd3 g5 48. hxg5 Bxg5 49. Kg3 Ra1 50. Kf3 Ra2 51. Nd6
Kg6 52. c4 Bh4 53. Ne4 f5 54. gxf5+ Kxf5 55. Rc3 Ke5 56. Ke3 Bd8 57. f4+ Ke6
58. c5 Ba5 59. Rc4 Ra3+ 60. Kd4 Bd8 61. c6 Ra1 62. c7 Rd1+ 63. Ke3 Bxc7 64.
Rxc7 Re1+ 65. Kf3 Ra1 66. Rc6+ Kf7 67. Rxh6 Kg7 68. Rf6 Ra3+ 69. Kg4 Ra4 70.
Re6 Kf7 71. f5 Ra1 72. Kf4 Rf1+ 73. Ke5 Re1 74. f6 Rxe4+ 75. Kxe4 Kxe6 76.
f7 Kxf7 {Game drawn because neither player has mating material} 1/2-1/2

[Event "ICC tourney 3197 (30 10)"]
[Site "Internet Chess Club"]
[Date "2023.05.20"]
[Round "5"]
[White "Dong, Albert:Tanvibrantmonk"]
[Black "WU, DARREN:chessboy111"]
[Result "0-1"]
[ICCResult "White checkmated"]
[WhiteElo "1503"]
[BlackElo "1380"]
[Opening "Caro-Kann: advance variation"]
[ECO "B12"]
[NIC "CK.02"]
[Time "20:00:20"]
[PlyCount "132"]
[TimeControl "1800+10"]

1. e4 c6 2. d4 d5 3. e5 c5 4. dxc5 e6 5. a3 Bxc5 6. b4 Bb6 7. Qg4 Kf8 8. Nf3
Ne7 9. Bd3 Ng6 10. Bb2 Nc6 11. O-O Qc7 12. Re1 Bd7 13. h4 Rc8 14. h5 Nge7
15. a4 a5 16. b5 Nb4 17. Ba3 Nxd3 18. Bxe7+ Kxe7 19. cxd3 Qc2 20. Qg5+ Kf8
21. Nbd2 Qxd3 22. h6 Qg6 23. hxg7+ Qxg7 24. Qxg7+ Kxg7 25. Rac1 Rxc1 26.
Rxc1 Rc8 27. Rxc8 Bxc8 28. Nb3 Bc7 29. Kf1 b6 30. Ke2 Kg6 31. Nbd4 f6 32.
Nc6 Bd7 33. Ne7+ Kf7 34. exf6 Kxf6 35. Ng8+ Kg7 36. Ne7 Kf7 37. Nc6 Bxc6 38.
bxc6 Ke7 39. Nd4 Kd6 40. f4 Kc5 41. Kd3 e5 42. Ne6+ Kxc6 43. Nxc7 Kxc7 44.
fxe5 Kd7 45. Kd4 Ke6 46. g4 h6 47. Ke3 Kxe5 48. Kf3 d4 49. Ke2 Ke4 50. Ke1
Ke3 51. Kd1 Kd3 52. Kc1 Ke2 53. Kc2 d3+ 54. Kc1 d2+ 55. Kc2 d1=Q+ 56. Kc3
Qxa4 57. Kb2 b5 58. Kc1 b4 59. Kb1 b3 60. Kb2 Qa2+ 61. Kc3 Qc2+ 62. Kd4 b2
63. Ke5 b1=Q 64. Kf4 Qb4+ 65. Ke5 Qce4+ 66. Kf6 Qbe7# {White checkmated} 0-1